 Dungeon Crawl Stone Soup version 0.18.1-5-g4a78601 (webtiles) character file.

996 dorian the Martial Artist (level 7, -5/78 HPs)
             Began as a Black Draconian Transmuter on May 9, 2016.
             Slain by Ijustatesigmund's ghost (18 damage)
             ... on level 6 of the Dungeon.
             The game lasted 00:10:32 (6210 turns).

dorian the Martial Artist (DrTm)                    Turns: 6210, Time: 00:10:32

Health: -5/78      AC:  8    Str: 17    XL:     7   Next: 99%
Magic:  10/10      EV: 12    Int: 14    God:
Gold:   252        SH:  0    Dex: 13    Spells: 3 memorised, 3 levels left

rFire  . . .     SeeInvis .       - Unarmed
rCold  . . .     Gourm    .     (armour unavailable)
rNeg   . . .     Faith    .     (no shield)
rPois  .         Spirit   .     (helmet restricted)
rElec  +         Dismiss  .     q - +0 cloak
rCorr  .         Reflect  .     j - +0 pair of gloves
SustAt +         Harm     .     (boots currently unavailable)
MR     .....                    (no amulet)
Stlth  ..........               (no ring)
                                p - ring of sustain attributes

@: berserking (expiring), appendage (expiring), very quick, not resistant to
hostile enchantments, extremely unstealthy
A: breathe lightning, unfitting armour, talons 3, electricity resistance,
cold-blooded, AC +6
a: Breathe Lightning, End Transformation


You were on level 6 of the Dungeon.
You were not hungry.
You had grown temporary talons.
You visited 1 branch of the dungeon, and saw 6 of its levels.

You collected 252 gold pieces.

Inventory:

Missiles
 a - 7 arrows
Armour
 j - a +0 pair of gloves (worn)
 q - a +0 cloak (worn)
Jewellery
 p - a ring of sustain attributes (left hand)
Scrolls
 d - a scroll of enchant weapon {unknown}
 e - 7 scrolls of identify {unknown}
 f - 6 scrolls of teleportation {unknown}
 i - 2 scrolls of amnesia {unknown}
 m - 5 scrolls of immolation {unknown}
 s - 4 scrolls of remove curse {unknown}
 t - 2 scrolls of noise {unknown}
 u - a scroll of fog {unknown}
 v - a scroll of torment {unknown}
 w - a scroll of blinking {unknown}
Potions
 g - 2 potions of lignification
 k - a potion of ambrosia {unknown}
 n - a potion of beneficial mutation {unknown}
 r - 2 potions of degeneration {unknown}
 x - a potion of haste {unknown}
Books
 b - a book of Changes

   Spells                             Type                      Level
   a - Beastly Appendage              Transmutation                1
   b - Sticks to Snakes               Transmutation                2
   c - Spider Form                    Transmutation/Poison         3
   d - Ice Form                       Ice/Transmutation            4
   e - Blade Hands                    Transmutation                5
Comestibles
 c - 4 bread rations
 h - 6 meat rations
 l - 2 fruits


   Skills:
 - Level 1.1 Fighting
 - Level 1.7 Dodging
 * Level 8.1 Unarmed Combat
 - Level 2.0 Spellcasting
 + Level 5.7 Transmutations


You had 3 spell levels left.
You knew the following spells:

 Your Spells              Type           Power        Failure   Level  Hunger
a - Beastly Appendage     Trmt           ###...       2%          1    ##.....
b - Ice Form              Ice/Trmt       #.......     82%         4    #####..
c - Sticks to Snakes      Trmt           ###.....     3%          2    ###....


Dungeon Overview and Level Annotations

Branches:
Dungeon (6/15)
 Temple: D:4-7

Altars:
Dithmenos
Makhleb
Okawaru
Pakellas
Qazlal
Sif Muna
Trog
Vehumet
Xom
Zin

Annotations:
D:6 Ijustatesigmund's ghost, novice MiFi


Innate Abilities, Weirdness & Mutations

You can breathe wild blasts of lightning.
Your glossy black scales are hard (AC +6).
Your body does not fit into most forms of armour.
You are resistant to electric shocks.
You are cold-blooded and may be slowed by cold attacks.
You have claws for feet.


Message History

Ijustatesigmund's ghost is severely damaged.
You hit Ijustatesigmund's ghost.
Your kick misses Ijustatesigmund's ghost.
Ijustatesigmund's ghost is severely damaged.
Your transformation is almost over.
Ijustatesigmund's ghost hits you.
* * * LOW HITPOINT WARNING * * *
You barely miss Ijustatesigmund's ghost.
Ijustatesigmund's ghost is severely damaged.
Ijustatesigmund's ghost hits you!
* * * LOW HITPOINT WARNING * * *
You hit Ijustatesigmund's ghost.
Your punch misses Ijustatesigmund's ghost.
Ijustatesigmund's ghost is almost destroyed.
You hit Ijustatesigmund's ghost.
Your tail-slap misses Ijustatesigmund's ghost.
Your punch misses Ijustatesigmund's ghost.
Ijustatesigmund's ghost is almost destroyed.
Ijustatesigmund's ghost hits you!!
You die...

# ##..##........##...## #...###
# #.............#....###...... #
##......###.........##....... ##
##.......#_#.............W.<##
.###........#'#..#.........#####
..#.............#..........##
.....##.........#...........#
....#####...####.W..........##
....# #.......@............##
...## ##............######...###
..######............## ##....#
..).##....#######..## ##....
###.....### ##.# ##... ####.##
#.# #.## ##.## #.# #.# ##># ..#
... ### .###


You could see Ijustatesigmund's ghost.

Vanquished Creatures
  Menkaure (D:4)
  2 ogres
  2 scorpions (D:5)
  5 crimson imps
  A giant frog skeleton (D:5)
  A hound (D:5)
  2 orc wizards
  An orc priest (D:4)
  2 iguanas
  2 worker ants (D:4)
  6 adders
  2 shadow imps
  A worm (D:1)
  5 dart slugs
  3 giant geckos
  13 orcs
  2 ball pythons
  7 bats
  3 giant cockroaches
  9 hobgoblins
  6 jackals
  7 kobolds
  2 quokkas
  A giant gecko skeleton (D:6)
  7 giant newts
  8 goblins
  7 rats
108 creatures vanquished.

Notes
Turn   | Place    | Note
--------------------------------------------------------------
     0 | D:1      | dorian the Draconian Transmuter began the quest for the Orb.
     0 | D:1      | Reached XP level 1. HP: 16/16 MP: 3/3
   290 | D:1      | Reached XP level 2. HP: 23/23 MP: 5/5
   860 | D:1      | Reached XP level 3. HP: 24/28 MP: 6/6
  1335 | D:2      | Reached skill level 4 in Unarmed Combat
  1370 | D:2      | Found a bloodstained altar of Trog.
  1465 | D:2      | Found a deep blue altar of Sif Muna.
  1465 | D:2      | Found a radiant altar of Vehumet.
  1467 | D:2      | Found an iron altar of Okawaru.
  1474 | D:2      | Found a glowing silver altar of Zin.
  1921 | D:3      | Reached XP level 4. HP: 34/35 MP: 5/7
  2024 | D:3      | Found an oddly glowing altar of Pakellas.
  2715 | D:4      | Reached XP level 5. HP: 40/40 MP: 6/8
  2764 | D:4      | Learned a level 4 spell: Ice Form
  2954 | D:4      | Reached skill level 5 in Unarmed Combat
  3191 | D:4      | Learned a level 2 spell: Sticks to Snakes
  3399 | D:4      | Noticed Menkaure
  3406 | D:4      | Killed Menkaure
  3406 | D:4      | Reached XP level 6. HP: 20/47 MP: 7/9
  3635 | D:4      | Found a shimmering altar of Xom.
  3659 | D:4      | Reached skill level 6 in Unarmed Combat
  4241 | D:4      | Found a shadowy altar of Dithmenos.
  4330 | D:4      | Your scales start taking on a glossy black colour.
  4330 | D:4      | Reached XP level 7. HP: 44/52 MP: 10/10
  4330 | D:4      | Gained mutation: You are resistant to electric shocks. [Black Draconian growth]
  4436 | D:5      | Entered Level 5 of the Dungeon
  4890 | D:5      | Reached skill level 7 in Unarmed Combat
  4907 | D:5      | Reached skill level 5 in Transmutations
  5289 | D:5      | Found a burning altar of Makhleb.
  5743 | D:6      | Found a stormy altar of Qazlal.
  5766 | D:6      | Reached skill level 8 in Unarmed Combat
  5804 | D:6      | Noticed Ijustatesigmund's ghost (novice MiFi)
  6210 | D:6      | Slain by Ijustatesigmund's ghost

Skill      XL: |  1  2  3  4  5  6  7 |
---------------+----------------------+-----
Unarmed Combat | 4 5 6 8 |  8.1
Transmutations | 3 4 5 |  5.7
Fighting       | |  1.1
Dodging        | |  1.7
Spellcasting   | |  2.0

Action                   |  1- 3 |  4- 6 |  7- 9 || total
-------------------------+-------+-------+-------++-------
Melee: Unarmed           |   150 |   234 |   114 ||   498
       Tailslap          |     9 |    23 |    16 ||    48
       Headbutt          |     3 |     2 |     5 ||    10
       Kick              |     1 |    17 |     9 ||    27
       Punch             |     1 |     1 |     1 ||     3
 Cast: Beastly Appendage |     5 |    12 |    11 ||    28
       Sticks to Snakes  |       |     1 |     4 ||     5
 Abil: Breathe Lightning |       |       |     4 ||     4
  Use: Potion            |       |     5 |     3 ||     8
 Stab: Sleeping          |     3 |       |       ||     3
       Invisible         |       |     2 |       ||     2
  Eat: Chunk             |     3 |     8 |     4 ||    15
       Fruit             |       |       |     2 ||     2
       Beef jerky        |       |       |     2 ||     2
Armor: Skin              |    52 |    81 |    18 ||   151
Dodge: Dodged            |    80 |   127 |    34 ||   241
